 Dungeon Crawl Stone Soup version 0.29-a0-330-g52719c12eb (webtiles) character file.

Game seed: 6956376115731087348

697 Elathon0 the Cleaver (level 7, -3/81 HPs)
             Began as a Minotaur Berserker on Apr 19, 2022.
             Was a Believer of Trog.
             Slain by a killer bee (5 damage)
             ... on level 5 of the Dungeon on Apr 20, 2022.
             The game lasted 00:21:07 (4865 turns).

Elathon0 the Cleaver (Minotaur Berserker)           Turns: 4865, Time: 00:21:08

Health: -3/81      AC:  9    Str: 21    XL:     7   Next: 37%
Magic:  5/5        EV: 10    Int: 10    God:    Trog [**....]
Gold:   152        SH:  0    Dex: 12    Spells: 6/6 levels left

rFire   . . .      SeeInvis .   n - +1 war axe
rCold   . . .      Faith    .   (no shield)
rNeg    . . .      Spirit   .   h - +1 scale mail
rPois   .          Reflect  .   (helmet restricted)
rElec   +          Harm     .   o - +0 cloak
rCorr   .          Rampage  .   (no gloves)
Will    .....                   (no boots)
Stlth   ..........              b - amulet of the acrobat
HPRegen 0.23/turn               d - +6 ring of intelligence
MPRegen 0.09/turn               i - ring of flight

@: berserking, lethally poisoned (-3 -> -23), flying, very quick
A: horns 2, retaliatory headbutt, frail 1, low MP 1, electricity resistance
a: Renounce Religion, Berserk, Trog's Hand


You were on level 5 of the Dungeon.
You worshipped Trog.
Trog was pleased with you.
You visited 1 branch of the dungeon, and saw 5 of its levels.

You collected 152 gold pieces.

Inventory:

Hand Weapons
 j - a +2 spear of venom
 n - a +1 war axe (weapon)
 q - a +0 mace
 r - a +0 hand axe of electrocution
Missiles
 c - 117 stones (quivered)
 f - 6 boomerangs of dispersal
Armour
 h - a +1 scale mail (worn)
 o - a +0 cloak (worn)
Jewellery
 b - an amulet of the acrobat (around neck)
 d - a +6 ring of intelligence (left hand)
 i - a ring of flight (right hand)
Wands
 m - a wand of polymorph (4)
Scrolls
 e - 5 scrolls of identify
 k - a scroll of blinking
 l - 2 scrolls of teleportation
Potions
 g - 4 potions of curing
 p - a potion of haste


   Skills:
 * Level 5.4 Fighting
 * Level 8.2 Axes
 * Level 5.2 Armour
 + Level 2.5 Dodging


You had 6 spell levels left.
You didn't know any spells.
Your spell library was empty.

Dungeon Overview and Level Annotations

Branches:
Dungeon (5/15)             Temple (0/1) D:4

Altars:

Shops:
D:5 :


Innate Abilities, Weirdness & Mutations

You have a pair of horns on your head.
You reflexively headbutt those who attack you in melee.
You are frail. (-10% HP)
Your magical capacity is low. (-10% MP)
You are resistant to electric shocks. (rElec)


Message History

The killer bee stings you but does no damage.
You completely miss the killer bee.
The killer bee is severely wounded.
You hit the killer bee. You miss the killer bee.
You feel sick. The killer bee barely misses you.
The killer bee stings you but does no damage.
The killer bee barely misses you. x3; The killer bee misses you.
You barely miss the killer bee.
The killer bee is severely wounded.
You miss the killer bee. You completely miss the killer bee.
You feel sick. The killer bee stings you. x5
* * * LOW HITPOINT WARNING * * *
You are lethally poisoned!
The killer bee poisons you! The killer bee stings you.
* * * LOW HITPOINT WARNING * * *
You are more poisoned.
The killer bee poisons you!
A red film seems to cover your vision as you go berserk!
You feel yourself moving faster!
You feel mighty!
* * * LOW HITPOINT WARNING * * *
You feel very sick.
The killer bee stings you but does no damage. x2
The killer bee stings you.
* * * LOW HITPOINT WARNING * * *
You are more poisoned.
The killer bee poisons you! The killer bee stings you.
* * * LOW HITPOINT WARNING * * *
The killer bee misses you. The killer bee closely misses you.
You furiously retaliate!
You headbutt the killer bee!!
You feel the power of Trog in you as your rage grows.
You kill the killer bee!
Trog accepts your kill.
You slice the killer bee!!
You kill the killer bee!
Trog accepts your kill.
You slash the killer bee!
* * * LOW HITPOINT WARNING * * *
You feel very sick. The killer bee stings you.
You die...

......8.##########
..#.....##.......# ..
....8†∩.8........# ...
......<.)).......+ ....
.....#8###.......# #....
.....#.# #.......#......
.....#.###.......#......
.....#..........†.......
.....#....######@y......
.....#.<..# #.........
.....#....# #..........
.....#....# #..........
.....#....####..........
.............#..........
.............#........).
..#.#........#..........
........######


You could see a killer bee.

Vanquished Creatures
  Eustachio (D:3)
  A phantom (D:5)
  A necrophage (D:4)
  2 killer bees (D:5)
  A gnoll shaman (D:4)
  An orc priest (D:4)
  Crazy Yiuf (D:4)
  An iguana (D:4)
  2 orc wizards
  7 gnolls
  6 adders
  An ufetubus (D:2)
  3 worms
  4 dart slugs
  14 orcs
  6 bats
  4 endoplasms
  2 giant cockroaches (D:1)
  4 goblins
  7 hobgoblins
  A quokka (D:3)
  6 ball pythons
  2 frilled lizards (D:1)
  5 kobolds
  9 rats
92 creatures vanquished.

Vanquished Creatures (others)
  6 withered plants (D:2)
6 creatures vanquished.

Grand Total: 98 creatures vanquished

Notes
Turn   | Place    | Note
-------+----------+-------------------------------------------
     0 | D:1      | Elathon0 the Minotaur Berserker began the quest for the
                  | Orb.
     0 | D:1      | Reached XP level 1. HP: 19/19 MP: 0/0
    53 | D:1      | Reached skill level 4 in Axes
    57 | D:1      | Reached XP level 2. HP: 12/27 MP: 1/1
   950 | D:2      | Reached XP level 3. HP: 33/33 MP: 2/2
  1122 | D:2      | Reached skill level 5 in Axes
  1177 | D:2      | Gained mutation: Your magical capacity is low. (-10% MP)
                  | [potion of mutation]
  1177 | D:2      | Gained mutation: You are resistant to electric shocks.
                  | (rElec) [potion of mutation]
  1177 | D:2      | Gained mutation: You are frail. (-10% HP) [potion of
                  | mutation]
  1377 | D:2      | Reached XP level 4. HP: 36/36 MP: 2/2
  1544 | D:2      | Reached ** piety under Trog
  1618 | D:2      | Found a faded altar of an unknown god.
  2283 | D:4      | Noticed a necrophage
  2451 | D:5      | Entered Level 5 of the Dungeon
  2451 | D:5      | Found Epreti's Book Shop.
  2701 | D:3      | Reached XP level 5. HP: 42/42 MP: 3/3
  3047 | D:3      | Reached skill level 6 in Axes
  3336 | D:4      | Reached skill level 5 in Fighting
  3336 | D:4      | Reached XP level 6. HP: 12/50 MP: 4/4
  3612 | D:4      | Found a staircase to the Ecumenical Temple.
  3707 | D:5      | Noticed a sky beast
  3799 | D:4      | Noticed Eustachio
  3814 | D:3      | Killed Eustachio
  3815 | D:3      | Reached skill level 7 in Axes
  4256 | D:4      | Found a runed translucent door.
  4257 | D:4      | Noticed Crazy Yiuf
  4266 | D:4      | Killed Crazy Yiuf
  4578 | D:4      | Reached XP level 7. HP: 40/54 MP: 5/5
  4712 | D:5      | Reached skill level 5 in Armour
  4733 | D:5      | Reached skill level 8 in Axes
  4865 | D:5      | HP: 2/81 [poisoned by a killer bee]
  4865 | D:5      | Slain by a killer bee

Illustrated notes

Levels and vault maps discovered:
D:1:      ncdulo_halloftheorcs, layout_loops_cross, minmay_surrounded
D:2:      layout_basic, ebering_ecumenical_altar_petrified
D:3:      layout_basic
D:4:      layout_loops_ring, minmay_temple_entry_grid, uniq_crazy_yiuf_cottage,
          uniq_eustachio
D:5:      layout_basic, serial_shops, nicolae_shop_statue_plus

Skill      XL: |  1  2  3  4  5  6  7 |
---------------+----------------------+-----
Axes           | 4 5 6 7 8 |  8.2
Fighting       | 4 5 |  5.4
Armour         | 3 4 5 |  5.2
Dodging        | |  2.5

Action                   |  1- 3 |  4- 6 |  7- 9 || total
-------------------------+-------+-------+-------++-------
Melee: Hand axe          |    80 |    91 |       ||   171
       Headbutt          |    17 |    23 |     7 ||    47
       Punch             |       |     1 |       ||     1
       War axe           |       |    31 |    31 ||    62
Invok: Berserk           |       |     3 |     1 ||     4
  Use: Scroll            |     8 |     2 |     1 ||    11
       Potion            |     3 |     4 |       ||     7
Armor: Animal skin       |     6 |       |       ||     6
       Scale mail        |     8 |    32 |    16 ||    56
Dodge: Dodged            |    40 |    65 |    20 ||   125

Table legend: (Time is in decaauts)
 A = Elapsed time spent in this place.
 B = Non-inter-level travel time spent in this place.
 C = Inter-level travel time spent in this place.
 D = Time resting spent in this place.
 E = Time spent auto-exploring this place.
 F = Levels seen in this place.
 G = Mean time per level.
                   A        B        C        D        E       F      G
               +--------+--------+--------+--------+--------+-----+--------+
         Total |   4916 |   4801 |    115 |     33 |   3713 |   5 |  983.2 |
       Dungeon |   4916 |   4801 |    115 |     33 |   3713 |   5 |  983.2 |
               +--------+--------+--------+--------+--------+-----+--------+

Top non-repeatable levels by time:
     D:4: 1577 daAuts
     D:2: 1398 daAuts
     D:3: 888 daAuts
     D:1: 871 daAuts
     D:5: 180 daAuts
